 Dungeon Crawl Stone Soup version 0.26-a0-651-gb41185065b (webtiles) character file.

Game seed: 10080271188607656328

3658 gbos the Jinx (level 10, -1/77 HPs)
             Began as a Gnoll Wanderer on Oct 15, 2020.
             Was a Believer of Cheibriados.
             Slain by an orc warrior
             ... wielding a +0 dire flail
              (13 damage)
             ... on level 8 of the Dungeon.
             The game lasted 00:14:15 (10559 turns).

gbos the Jinx (Gnoll Wanderer)                     Turns: 10559, Time: 00:14:16

Health: -1/77      AC:  6    Str: 20 (21) XL:     10   Next: 12%
Magic:  0/17       EV: 15    Int: 20 (21) God:    Cheibriados [**....]
Gold:   644        SH:  0    Dex: 18 (20) Spells: 18/19 levels left

rFire    . . .     SeeInvis .   a - +4 morningstar (flame)
rCold    . . .     Faith    .   (no shield)
rNeg     . . .     Spirit   +   x - +2 leather armour {MR+}
rPois    .         Reflect  .   (no helmet)
rElec    +         Harm     .   (no cloak)
rCorr    +         Rampage  .   k - +0 pair of gloves
MR       +....                  (no boots)
Stlth    +.........             l - amulet of guardian spirit
HPRegen  0.22/turn              (no ring)
MPRegen  0.15/turn              L - ring of resist corrosion

@: confused, brilliant, stab, very slow
A: distributed training, fangs 1, blurry vision 1, electricity resistance,
strong nose
a: Bend Time, Renounce Religion


You were on level 8 of the Dungeon.
You worshipped Cheibriados.
Cheibriados was pleased with you.
You visited 2 branches of the dungeon, and saw 9 of its levels.

You collected 872 gold pieces.
You spent 228 gold pieces at shops.


Innate Abilities, Weirdness & Mutations

Your experience applies equally to all skills.
You have very sharp teeth.
Your uncanny sense of smell can sniff out nearby items.
Scrolls take you a little longer to read.
You are resistant to electric shocks. (rElec)


   Skills:
 + Level 6.8 Fighting
 + Level 5.0 Short Blades
 + Level 5.0 Long Blades
 + Level 5.0 Axes
 + Level 5.0 Maces & Flails
 + Level 5.0 Polearms
 + Level 5.0 Staves
 + Level 5.0 Slings
 + Level 5.0 Bows
 + Level 5.6 Crossbows
 + Level 5.6 Throwing
 + Level 5.0 Armour
 + Level 5.0 Dodging
 + Level 5.0 Stealth
 + Level 5.6 Shields
 + Level 5.0 Unarmed Combat
 + Level 5.0 Spellcasting
 + Level 4.1 Conjurations
 + Level 8.3 Hexes
 + Level 4.1 Summonings
 + Level 4.1 Necromancy
 + Level 4.1 Translocations
 + Level 4.1 Transmutations
 + Level 4.1 Fire Magic
 + Level 4.7 Ice Magic
 + Level 4.1 Air Magic
 + Level 4.1 Earth Magic
 + Level 4.1 Poison Magic
 + Level 5.4 Invocations
 + Level 5.0 Evocations


You had 18 spell levels left.
You knew the following spells:

 Your Spells              Type           Power        Failure   Level
z - Summon Small Mammal   Summ           ####         2%          1

Your spell library contained the following spells:

 Spells                   Type           Power        Failure   Level
 Corona                   Hex            ######.      1%          1
 Animate Skeleton         Necr           ####..       2%          1
 Apportation              Tloc           ####..       2%          1
 Shock                    Conj/Air       ####         2%          1
 Swiftness                Air            ####....     3%          2
 Static Discharge         Conj/Air       ####....     8%          3
 Airstrike                Air            ####......   24%         4
 Lightning Bolt           Conj/Air       ####......   56%         5

Inventory:

Hand Weapons
 a - a +4 morningstar of flaming (weapon)
 b - a +0 shortbow
 p - a +0 hand crossbow
 z - a +2 dagger
 N - a +2 dagger of flaming
 R - a +6 dire flail
 S - a +3 great sword
Missiles
 d - a curare-tipped dart {=f}
 e - 46 bolts
 h - 62 poisoned darts (quivered)
 q - 100 arrows
Armour
 c - a +0 ring mail
 k - a +0 pair of gloves (worn)
 n - a +0 scale mail
 r - the +2 robe "Xise Kij" {Harm}

   It increases damage dealt and taken.
 v - +0 fire dragon scales
 x - a +2 leather armour of magic resistance (worn)
 F - the +2 leather armour of Fun and Games {rCorr}

   It provides partial protection from all sources of acid and corrosion.
 Q - a +2 hat
Magical Staves
 E - an uncursed staff of poison {unknown}
Jewellery
 i - an uncursed ring of stealth {unknown}
 l - an amulet of guardian spirit (around neck)
 L - a ring of resist corrosion (right hand)
Wands
 u - a wand of acid (5)
 A - a wand of flame (18)
 P - a wand of iceblast (6)
Scrolls
 f - 8 scrolls of identify {@r1}
 j - 3 scrolls of amnesia {unknown}
 m - a scroll of fog {unknown}
 w - 2 scrolls of random uselessness {unknown}
 y - 2 scrolls of noise {unknown}
 H - 2 scrolls of magic mapping {unknown}
 J - a scroll of vulnerability {unknown}
 K - 2 scrolls of remove curse
 M - a scroll of summoning {unknown}
 O - a scroll of enchant armour
Potions
 g - a potion of brilliance
 o - a potion of might {unknown}
 D - a potion of berserk rage {unknown}
 G - a potion of resistance {unknown}
 I - a potion of flight {unknown}

Dungeon Overview and Level Annotations

Branches:
Dungeon (8/15)             Temple (1/1) D:7
   Lair: D:8-11

Altars:
Cheibriados
Dithmenos
Elyvilon
Fedhas
Gozag
Kikubaaqudgha
Nemelex Xobeh
Qazlal
Sif Muna
Trog
Uskayaw
Wu Jian
Xom
Yredelemnul
Zin
The Shining One

Shops:
D:4 (   D:5 *[!

Annotations:
D:3 1 runed translucent door, Flugslaktarn's ghost, amateur DDFi
D:4 2 transporters

▒.....▒▒)......>....
▒..▒▒.......▒.▒.....▒
▒....
▒▒.....▒▒▒▒...▒▒▒ ▒▒.
▒......▒▒ .▒▒ ▒
▒.......▒▒▒..▒
▒.........▒...
▒▒▒▒▒▒..(....▒▒
▒oZ.....▒ ∆ ▒go......
▒oW...... ∆ ▒o.......
▒.(.....▒ ▒.......▒
▒.......▒ .....(..▒
▒....(...


You could see a phantom, an orc warrior, 3 orcs and a bullfrog skeleton.


Message History

It was a potion of ambrosia.
You are confused.
You feel invigorated. The orc hits you with a +0 whip.
* * * LOW HITPOINT WARNING * * *
The bullfrog skeleton hits you but does no damage.
The orc hits you with a +0 flail.
* * * LOW HITPOINT WARNING * * *
The orc misses you.
The orc warrior hits you with a +0 dire flail!
* * * LOW MAGIC WARNING * * *
* * * LOW HITPOINT WARNING * * *
Unknown command.
You bump into the stone wall.
The bullfrog skeleton closely misses you.
The orc closely misses you. The orc hits you with a +0 flail.
* * * LOW HITPOINT WARNING * * *
The orc hits you with a +0 hand axe.
* * * LOW HITPOINT WARNING * * *
The orc warrior closely misses you.
Unknown command.
You barely miss the orc. The bullfrog skeleton misses you.
The orc closely misses you.
The bullfrog skeleton closely misses you.
The orc hits you but does no damage.
The orc warrior hits you with a +0 dire flail!!
* * * LOW MAGIC WARNING * * *
You die...

Action                   |  1- 3 |  4- 6 |  7- 9 | 10-12 || total
-------------------------+-------+-------+-------+-------++-------
Melee: Dagger            |    93 |   112 |       |       ||   205
       Bite              |    10 |    12 |    11 |       ||    33
       Morningstar       |       |       |   106 |    13 ||   119
       Punch             |       |       |       |     1 ||     1
 Fire: Hand crossbow     |     6 |    17 |       |       ||    23
       Shortbow          |       |    58 |   427 |    35 ||   520
Throw: Dart              |     6 |    13 |       |       ||    19
  Use: Potion            |       |     1 |     6 |     5 ||    12
       Scroll            |       |     5 |     3 |       ||     8
 Stab: Sleeping          |       |       |     1 |       ||     1
Armor: Ring mail         |    38 |    31 |       |       ||    69
       Scale mail        |       |    17 |       |       ||    17
       Leather armour    |       |     1 |    93 |     7 ||   101
       Skin              |       |       |     6 |       ||     6
Dodge: Dodged            |    56 |    88 |   292 |    38 ||   474

Levels and vault maps discovered:
D:1:      minmay_arrival_widening_spiral_wide, layout_loops_cross, minivault_24
D:2:      layout_loops_ring, lemuel_round_altar
D:3:      layout_rooms, ebering_ghost_sewer_d, chequers_ecumenical_altar_island
D:4:      layout_basic, marbit_many_paths, gammafunk_temple_overflow_arena,
          serial_shops, shop
D:5:      layout_loops_ring, led_sif_pool, serial_shops, shop_coins,
          nicolae_shop_statue_plus, kennysheep_little_box,
          minmay_misc_feat_square, lemuel_statue_altar
D:6:      layout_basic, uniq_maggie, uniq_prince_ribbit1
D:7:      minmay_polygon_palace, layout_loops_ring,
          minmay_temple_entry_large_hall
D:8:      wad_crossroads, layout_cave_pools,
          chequers_temple_overflow_statue_of_worship
Temple:   eino_temple_lava

Notes
Turn   | Place    | Note
-------+----------+-------------------------------------------
     0 | D:1      | gbos the Gnoll Wanderer began the quest for the Orb.
     0 | D:1      | gbos set off with the following items: a +2 dagger, a
                  | curare-tipped dart {=f}, a +0 ring mail, a +0 hand
                  | crossbow, 26 bolts
     0 | D:1      | Reached XP level 1. HP: 20/20 MP: 1/1
   336 | D:1      | Reached skill level 2 in Ice Magic
   579 | D:1      | Reached XP level 2. HP: 25/26 MP: 2/2
  1000 | D:2      | Reached XP level 3. HP: 31/31 MP: 3/3
  1076 | D:2      | Reached skill level 1 in Invocations
  1083 | D:2      | Reached skill level 1 in Short Blades
  1083 | D:2      | Reached skill level 1 in Long Blades
  1083 | D:2      | Reached skill level 1 in Axes
  1083 | D:2      | Reached skill level 1 in Maces & Flails
  1083 | D:2      | Reached skill level 1 in Polearms
  1083 | D:2      | Reached skill level 1 in Staves
  1083 | D:2      | Reached skill level 1 in Slings
  1083 | D:2      | Reached skill level 1 in Bows
  1083 | D:2      | Reached skill level 1 in Armour
  1083 | D:2      | Reached skill level 1 in Dodging
  1083 | D:2      | Reached skill level 1 in Stealth
  1083 | D:2      | Reached skill level 1 in Unarmed Combat
  1083 | D:2      | Reached skill level 1 in Spellcasting
  1083 | D:2      | Reached skill level 1 in Evocations
  1101 | D:2      | Reached XP level 4. HP: 14/38 MP: 5/5
  1103 | D:2      | HP: 8/38 [gnoll/+0 flail (4)]
  1114 | D:2      | HP: 5/38 [ooze (4)]
  1126 | D:2      | HP: 6/38 [bat (1)]
  1375 | D:2      | Reached skill level 1 in Conjurations
  1375 | D:2      | Reached skill level 1 in Summonings
  1375 | D:2      | Reached skill level 1 in Necromancy
  1375 | D:2      | Reached skill level 1 in Translocations
  1375 | D:2      | Reached skill level 1 in Transmutations
  1375 | D:2      | Reached skill level 1 in Fire Magic
  1375 | D:2      | Reached skill level 1 in Air Magic
  1375 | D:2      | Reached skill level 1 in Earth Magic
  1375 | D:2      | Reached skill level 1 in Poison Magic
  1539 | D:2      | Found a basalt altar of Yredelemnul.
  2024 | D:3      | Found a runed translucent door.
  2028 | D:3      | Reached XP level 5. HP: 43/43 MP: 6/6
  2073 | D:3      | Noticed a centaur
  2094 | D:3      | HP: 11/43 [centaur (4)]
  2097 | D:3      | Killed a centaur
  2097 | D:3      | Reached skill level 3 in Crossbows
  2097 | D:3      | Reached skill level 3 in Throwing
  2097 | D:3      | Reached skill level 3 in Shields
  2435 | D:3      | Noticed Flugslaktarn's ghost (amateur DDFi)
  2739 | D:3      | Reached XP level 6. HP: 50/50 MP: 8/8
  2779 | D:3      | Reached skill level 2 in Invocations
  2781 | D:3      | Found a faded altar of an unknown god.
  3037 | D:3      | Identified cursed +0 fire dragon scales (You found it on
                  | level 3 of the Dungeon)
  3073 | D:4      | Found a stormy altar of Qazlal.
  3073 | D:4      | Found a hide-covered altar of Uskayaw.
  3073 | D:4      | Found a shimmering altar of Xom.
  3081 | D:4      | Found a transporter.
  3231 | D:4      | Found Qonnic's Weapon Shop.
  3285 | D:4      | Found a transporter.
  3340 | D:4      | Reached skill level 5 in Fighting
  3340 | D:4      | Reached skill level 2 in Short Blades
  3340 | D:4      | Reached skill level 2 in Long Blades
  3340 | D:4      | Reached skill level 2 in Axes
  3340 | D:4      | Reached skill level 2 in Maces & Flails
  3340 | D:4      | Reached skill level 2 in Polearms
  3340 | D:4      | Reached skill level 2 in Staves
  3340 | D:4      | Reached skill level 2 in Slings
  3340 | D:4      | Reached skill level 2 in Bows
  3340 | D:4      | Reached skill level 2 in Armour
  3340 | D:4      | Reached skill level 2 in Dodging
  3340 | D:4      | Reached skill level 2 in Stealth
  3340 | D:4      | Reached skill level 2 in Unarmed Combat
  3340 | D:4      | Reached skill level 2 in Spellcasting
  3340 | D:4      | Reached skill level 2 in Evocations
  3548 | D:4      | Got a shimmering robe
  3559 | D:4      | Identified the +2 robe "Xise Kij" {Harm} (You found it on
                  | level 4 of the Dungeon)
  3575 | D:4      | Found a sparkling altar of Nemelex Xobeh.
  3667 | D:4      | HP: 15/51 [poisoned by a worker ant]
  4267 | D:5      | Entered Level 5 of the Dungeon
  4269 | D:5      | Found Maseva's Armour Boutique.
  4279 | D:5      | Reached XP level 7. HP: 40/56 MP: 6/10
  4290 | D:5      | HP: 16/56 [scorpion (5)]
  4296 | D:5      | HP: 13/56 [poisoned by a scorpion]
  4301 | D:5      | HP: 11/56 [poisoned by a scorpion]
  4309 | D:5      | HP: 10/56 [poisoned by a scorpion]
  4578 | D:5      | Reached skill level 2 in Conjurations
  4578 | D:5      | Reached skill level 2 in Summonings
  4578 | D:5      | Reached skill level 2 in Necromancy
  4578 | D:5      | Reached skill level 2 in Translocations
  4578 | D:5      | Reached skill level 2 in Transmutations
  4578 | D:5      | Reached skill level 2 in Fire Magic
  4578 | D:5      | Reached skill level 3 in Ice Magic
  4578 | D:5      | Reached skill level 2 in Air Magic
  4578 | D:5      | Reached skill level 2 in Earth Magic
  4578 | D:5      | Reached skill level 2 in Poison Magic
  4956 | D:5      | Found Piugaege's Distillery.
  4964 | D:5      | Bought a potion of curing for 36 gold pieces
  4964 | D:5      | Bought a potion of curing for 36 gold pieces
  4964 | D:5      | Bought a potion of lignification for 36 gold pieces
  4964 | D:5      | Bought a potion of haste for 120 gold pieces
  5230 | D:5      | Reached skill level 3 in Invocations
  5539 | D:5      | Found Ton Riog's General Store.
  5627 | D:5      | Found a shimmering blue altar of Sif Muna.
  5712 | D:5      | Reached XP level 8. HP: 51/63 MP: 9/12
  5760 | D:6      | Got a spiked leather armour
  5777 | D:6      | Identified the +2 leather armour of Fun and Games {rCorr}
                  | (You found it on level 6 of the Dungeon)
  5853 | D:6      | Reached skill level 3 in Short Blades
  5853 | D:6      | Reached skill level 3 in Long Blades
  5853 | D:6      | Reached skill level 3 in Axes
  5853 | D:6      | Reached skill level 3 in Maces & Flails
  5853 | D:6      | Reached skill level 3 in Polearms
  5853 | D:6      | Reached skill level 3 in Staves
  5853 | D:6      | Reached skill level 3 in Slings
  5853 | D:6      | Reached skill level 3 in Bows
  5853 | D:6      | Reached skill level 4 in Crossbows
  5853 | D:6      | Reached skill level 4 in Throwing
  5853 | D:6      | Reached skill level 3 in Armour
  5853 | D:6      | Reached skill level 3 in Dodging
  5853 | D:6      | Reached skill level 3 in Stealth
  5853 | D:6      | Reached skill level 4 in Shields
  5853 | D:6      | Reached skill level 3 in Unarmed Combat
  5853 | D:6      | Reached skill level 3 in Spellcasting
  5853 | D:6      | Reached skill level 3 in Evocations
  5905 | D:6      | Identified +0 steam dragon scales
  5905 | D:6      | Noticed Maggie
  5923 | D:6      | HP: 13/63 [Maggie/bolt of fire (11)]
  5924 | D:6      | HP: 5/63 [Maggie/+4 morningstar of flaming (9)]
  5924 | D:6      | HP: 1/63 [Maggie/+4 morningstar of flaming (4)]
  5936 | D:6      | Killed Maggie
  6401 | D:6      | Noticed Prince Ribbit
  6948 | D:6      | HP: 15/64 [Prince Ribbit (11)]
  6949 | D:6      | HP: 4/64 [Prince Ribbit (12)]
  7527 | D:7      | Reached skill level 3 in Conjurations
  7527 | D:7      | Reached skill level 3 in Summonings
  7527 | D:7      | Reached skill level 3 in Necromancy
  7527 | D:7      | Reached skill level 3 in Translocations
  7527 | D:7      | Reached skill level 3 in Transmutations
  7527 | D:7      | Reached skill level 3 in Fire Magic
  7527 | D:7      | Reached skill level 3 in Air Magic
  7527 | D:7      | Reached skill level 3 in Earth Magic
  7527 | D:7      | Reached skill level 3 in Poison Magic
  7527 | D:7      | Reached skill level 4 in Invocations
  7543 | D:7      | Reached skill level 6 in Fighting
  7579 | D:7      | Found a staircase to the Ecumenical Temple.
  7590 | D:7      | Reached XP level 9. HP: 69/69 MP: 14/14
  7617 | Temple   | Entered the Ecumenical Temple
  7697 | Temple   | Became a worshipper of Cheibriados the Contemplative
  8000 | D:7      | Reached skill level 4 in Short Blades
  8000 | D:7      | Reached skill level 4 in Long Blades
  8000 | D:7      | Reached skill level 4 in Axes
  8000 | D:7      | Reached skill level 4 in Maces & Flails
  8000 | D:7      | Reached skill level 4 in Polearms
  8000 | D:7      | Reached skill level 4 in Staves
  8000 | D:7      | Reached skill level 4 in Slings
  8000 | D:7      | Reached skill level 4 in Bows
  8000 | D:7      | Reached skill level 4 in Armour
  8000 | D:7      | Reached skill level 4 in Dodging
  8000 | D:7      | Reached skill level 4 in Stealth
  8000 | D:7      | Reached skill level 4 in Unarmed Combat
  8000 | D:7      | Reached skill level 4 in Spellcasting
  8000 | D:7      | Reached skill level 4 in Ice Magic
  8000 | D:7      | Reached skill level 4 in Evocations
  8193 | D:6      | Killed Prince Ribbit
  8340 | D:7      | Reached skill level 8 in Hexes
  8600 | D:7      | Reached skill level 5 in Crossbows
  8600 | D:7      | Reached skill level 5 in Throwing
  8600 | D:7      | Reached skill level 5 in Shields
  8748 | D:7      | Reached * piety under Cheibriados
  9039 | D:7      | HP: 18/71 [iguana (11)]
  9916 | D:7      | Reached skill level 5 in Invocations
 10229 | D:8      | Reached ** piety under Cheibriados
 10269 | D:8      | Learned a level 1 spell: Summon Small Mammal
 10313 | D:7      | Reached XP level 10. HP: 58/77 MP: 12/17
 10403 | D:8      | Reached skill level 4 in Conjurations
 10403 | D:8      | Reached skill level 4 in Summonings
 10403 | D:8      | Reached skill level 4 in Necromancy
 10403 | D:8      | Reached skill level 4 in Translocations
 10403 | D:8      | Reached skill level 4 in Transmutations
 10403 | D:8      | Reached skill level 4 in Fire Magic
 10403 | D:8      | Reached skill level 4 in Air Magic
 10403 | D:8      | Reached skill level 4 in Earth Magic
 10403 | D:8      | Reached skill level 4 in Poison Magic
 10548 | D:8      | Reached skill level 5 in Short Blades
 10548 | D:8      | Reached skill level 5 in Long Blades
 10548 | D:8      | Reached skill level 5 in Axes
 10548 | D:8      | Reached skill level 5 in Maces & Flails
 10548 | D:8      | Reached skill level 5 in Polearms
 10548 | D:8      | Reached skill level 5 in Staves
 10548 | D:8      | Reached skill level 5 in Slings
 10548 | D:8      | Reached skill level 5 in Bows
 10548 | D:8      | Reached skill level 5 in Armour
 10548 | D:8      | Reached skill level 5 in Dodging
 10548 | D:8      | Reached skill level 5 in Stealth
 10548 | D:8      | Reached skill level 5 in Unarmed Combat
 10548 | D:8      | Reached skill level 5 in Spellcasting
 10548 | D:8      | Reached skill level 5 in Evocations
 10553 | D:8      | HP: 20/77 [orc/+0 whip (5)]
 10556 | D:8      | Gained mutation: Scrolls take you a little longer to read.
                  | [potion of mutation]
 10556 | D:8      | Gained mutation: You are resistant to electric shocks.
                  | (rElec) [potion of mutation]
 10557 | D:8      | HP: 8/77 [orc warrior/+0 dire flail (8)]
 10559 | D:8      | Slain by an orc warrior

Vanquished Creatures
  Maggie (D:6)
  Prince Ribbit (D:6)
  An orc warrior (D:7)
  A black bear (D:7)
  An ice beast (D:7)
  3 phantoms
  5 ogres
  A necrophage (D:7)
  5 centaurs
  A big kobold (D:7)
  3 bullfrogs
  4 scorpions
  9 wights
  A quasit (D:7)
  A centaur skeleton (D:5)
  2 jellies (D:7)
  5 hounds
  An orc priest (D:5)
  3 orc wizards
  3 iguanas
  7 worker ants
  A hound zombie (D:7)
  2 hound skeletons
  A worker ant zombie (D:5)
  4 gnolls (D:2)
  A howler monkey skeleton (D:5)
  4 adders
  3 white imps
  3 ufetubi
  An ooze (D:2)
  3 adder skeletons
  3 worms
  4 dart slugs
  3 leopard geckos
  16 orcs
  8 giant cockroaches
  7 goblins
  5 hobgoblins
  13 jackals
  4 quokkas
  6 bats
  7 frilled lizards
  A giant cockroach zombie (D:5)
  14 kobolds
  2 leopard gecko skeletons
  7 rats
182 creatures vanquished.
